[Event "Early-Titled-Tuesday-Blitz-May-28-2024"]
[Site "Chess.com"]
[Date "2024.05.28"]
[Round "10"]
[White "pfalcon1949"]
[Black "VirtualCoach"]
[Result "0-1"]
[WhiteElo "1928"]
[BlackElo "2182"]
[TimeControl "180+1"]
[EndTime "9:59:49 PDT"]
[Termination "VirtualCoach won by checkmate"]

1. e4 c5 2. Nf3 Nc6 3. d4 cxd4 4.
Nxd4 Nf6 5. Nc3 e5 6. Ndb5 d6 7. Bg5 a6 8. Na3 b5 9. Nd5 Be7 10. Bxf6 Bxf6 11. c4 b4 12. Nc2 O-O 13. g3 Rb8 14. b3 Bg5 15. h4 Bh6 16. Bg2 g6 17. O-O Bg7 18. Qd3 Kh8 19. Rad1 f5 20. exf5 gxf5 21. Qd2 a5 22. h5 h6 23. f4 Nd4 24.
Nxd4 exd4 25. Rde1 Bb7 26. Ne7 Bxg2 27. Kxg2 Kh7 28.
Ng6 Re8 29. Qd3 Qd7 30. Nh4 Rf8 31. Re2 Qc6+ 32. Kh2 Qd7 33. Rfe1 Rf7 34. Re6 Rbf8 35. Qf3 Rf6 36. Qd5 Rxe6 37. Rxe6 Qf7 38. Ng6 Rd8 39. Kh3 d3 40. Re3 Qxd5 41. cxd5 d2 42. Rd3 Bc3 43.
Kg2 Re8 44. Kf3 Re1 45. Nf8+ Kg8 46. Ne6 d1=Q+ 47. Rxd1 Rxd1 48. Ke2 Rxd5 49. Nc7 Rd2+ 50. Kf3 Rxa2 51. Ne6 Rb2 52. g4 fxg4+ 53. Kxg4 Rxb3 54.
Kf5 a4 55. Kg6 a3 56. f5 a2 57. f6 Bxf6 58. Kxf6 a1=Q+ 59. Kg6 Qg1+ 60. Kxh6 Re3 61. Ng5 Qxg5+ 62. Kxg5 b3 63. h6 Rh3 64. Kg6 Rxh6+ 65.
Kg5 b2 66. Kxh6 b1=Q 67. Kg5 Qg1+ 68. Kf4 Qd4+ 69. Kf3 Qe5 70. Kf2 Kf7 71. Kf3 Ke6 72.
Kf2 d5 73. Kf1 d4 74. Kf2 d3 75. Kf3 d2 76. Kf2 d1=R 77. Kf3 Rf1+ 78. Kg2 Qe2+ 79. Kg3 Rf3+ 80. Kg4 Qe4+ 81. Kg5 Rf5+ 82. Kg6 Qg4+ 83. Kh6 Rh5# 0-1

[Event "Early-Titled-Tuesday-Blitz-May-28-2024"]
[Site "Chess.com"]
[Date "2024.05.28"]
[Round "10"]
[White "Timerkhanov"]
[Black "xasid81"]
[Result "0-1"]
[WhiteElo "2733"]
[BlackElo "2605"]
[TimeControl "180+1"]
[EndTime "9:59:58 PDT"]
[Termination "xasid81 won by checkmate"]

1. d4 g6 2. e4 Bg7 3. Nc3 c6 4. h4 h5 5. Bg5 Qb6 6. Nge2 Qxb2 7. Rb1 Qa3 8. g3 d6 9. Bg2 Qa5 10. O-O Nf6 11. e5 dxe5 12. dxe5 Qxe5 13. Re1 O-O 14. Nd4 Qa5 15. Qf3 Bg4 16. Qe3 e5 17.
Nb3 Qc7 18. Nc5 b6 19. Nd3 Nbd7 20. Nb4 c5 21. Nbd5 Qb8 22. Nxf6+ Nxf6 23. Bxf6 Bxf6 24. Nd5 Bg7 25. Ne7+ Kh7 26. c4 Qd6 27. Bxa8 Rxa8 28. Nd5 Re8 29. f3 Bf5 30. Rbd1 e4 31. fxe4 Rxe4 32.
Qf3 Rxc4 33. Ne3 Bd4 34. Kh2 Qe6 35. Nxc4 Qxc4 36. Qb3 Qxb3 37. axb3 Bc2 38. Rc1 Bxb3 39. Re7 Be6 40. Rxa7 c4 41. Rd1 Bc5 42. Re1 Kg8 43.
Rd1 Kf8 44. Rd8+ Kg7 45. Re8 Kf6 46. Rc8 c3 47. Rb8 c2 48. Ra1 Be3 49. Rb7 c1=Q 50. Rxc1 Bxc1 51. Rxb6 Ba3 52. Ra6 Bc5 53. Ra5 Bd4 54.
Ra6 Be5 55. Ra4 Bd6 56. Ra6 Ke7 57. Ra7+ Bd7 58. Ra6 Ke6 59. Ra7 f5 60. Ra6 f4 61.
gxf4 Bb5 62. Rb6 Bd3 63. Kg3 Bf5 64. Ra6 Kd7 65. Ra7+ Kc6 66. Ra6+ Kd5 67. Ra5+ Bc5 68.
Ra6 Kc4 69. Ra4+ Bb4 70. Ra6 Kc3 71. Kf3 Be7 72. Rc6+ Kd4 73. Kg3 Kd5 74. Ra6 Bd6 75. Ra5+ Bc5 76. Ra4 Bd4 77. Ra5+ Ke4 78. Ra4 Ke3 79.
Ra3+ Bd3 80. Rb3 Bc5 81. Rb8 Bd6 82. Re8+ Be4 83. Re6 Bxf4+ 84. Kh3 Kf3 85. Rxg6 Bf5+ 86. Rg4 Bxg4# 0-1

[Event "Early-Titled-Tuesday-Blitz-May-28-2024"]
[Site "Chess.com"]
[Date "2024.05.28"]
[Round "10"]
[White "scarabee43"]
[Black "DumbKing75"]
[Result "1/2-1/2"]
[WhiteElo "2832"]
[BlackElo "2700"]
[TimeControl "180+1"]
[EndTime "9:59:59 PDT"]
[Termination "Game drawn by repetition"]

1. Nf3 Nf6 2. c4 g6 3. b3 Bg7 4. Bb2 d6 5. d4 O-O 6. g3 a5 7. Bg2 a4 8. O-O c6 9. bxa4 Nfd7 10. Qb3 Qa5 11. Nc3 Nb6 12. e3 Nxa4 13. Nxa4 Qxa4 14.
Nd2 Nd7 15. Rfc1 Nf6 16. d5 c5 17. Nb1 Bd7 18. Nc3 Qa6 19. a4 Rfb8 20. Nb5 Qb6 21. Bc3 Qd8 22. a5 Ne8 23. Bxg7 Kxg7 24. Ra3 Kg8 25. Qc3 Ra6 26. Bf1 Rba8 27. Rca1 b6 28.
axb6 Qxb6 29. Rxa6 Rxa6 30. Rb1 Nc7 31. Nxc7 Qxc7 32.
Qb2 Bf5 33. Ra1 Rxa1 34. Qxa1 Qb7 35. Qa5 Qb1 36. Qd2 Bh3 37. Qd3 Qxd3 38. Bxd3 Kg7 39. f4 e6 40. Kf2 exd5 41. cxd5 Kf6 42. e4 Bd7 43. Ke3 h6 44. Ba6 g5 45. Bb7 Ba4 46. Bc8 Bc2 47. Bg4 Bb1 48. Bf5 Ke7 49. Bg4 Kf6 50. h4 gxh4 51. gxh4 Ba2 52. Bf3 Bb1 53. Kd2 Ba2 54. Kc3 Bb1 55. Kc4 Bc2 56. Kb5 Ke7 57. e5 Bd3+ 58. Kc6 dxe5 59. d6+ Kd8 60. Kxc5 exf4 61.
Kd4 Bf5 62. Ke5 Be6 63. Kxf4 Kd7 64. Ke5 f6+ 65. Kxf6 Kxd6 66. Kg6 Ke7 67. Kxh6 Kf6 68. Kh7 Bf5+ 69. Kg8 Bg6 70. Bg4 Bf7+ 71. Kh7 Bg6+ 72. Kh6 Bf7 73. Be2 Bg6 74. Bc4 Be8 75. Bd3 Bf7 76. Kh7 Be8 77. Kg8 Bf7+ 78. Kf8 Bh5 79. Be4 Bf7 80. Bf3 Bg6 81. Bg4 Bf7 82. Be2 Bg6 83.
Kg8 Bf7+ 84. Kh7 Bg6+ 85. Kh6 Bf7 86. Bg4 Bg6 87. Bf3 Bf7 88. Be4 Be8 89. Kh7 Bh5 90. Kg8 Bf7+ 91. Kf8 Bh5 92. Bh7 Bf7 93. Bd3 Bh5 94.
Be4 Bf7 95. Bf3 Bg6 96. Bg4 Bf7 97. Bf3 1/2-1/2

[Event "Early-Titled-Tuesday-Blitz-May-28-2024"]
[Site "Chess.com"]
[Date "2024.05.28"]
[Round "10"]
[White "Stanbad1"]
[Black "BardArtem"]
[Result "1-0"]
[WhiteElo "2652"]
[BlackElo "2793"]
[TimeControl "180+1"]
[EndTime "10:00:10 PDT"]
[Termination "Stanbad1 won on time"]

1. d4 d5 2. Nc3 Nf6 3. Bf4 c5 4.
e4 Nxe4 5. Nxe4 dxe4 6. dxc5 Qxd1+ 7. Rxd1 Bd7 8. Bc4 f6 9. c3 e5 10.
Be3 f5 11. b4 a5 12. a3 axb4 13. axb4 Nc6 14. f4 exf4 15. Bxf4 g6 16. Ne2 Bg7 17.
O-O Ne5 18. Bd5 Bc6 19. Bxc6+ bxc6 20. Nd4 Rc8 21. Ne6 Bf6 22. Rd6 Nd3 23. Bd2 Ke7 24. Nd4 Bxd4+ 25. cxd4 h6 26. Rxg6 Rhf8 27. Bxh6 Rf7 28.
Bg5+ Kd7 29. Rd6+ Kc7 30. b5 cxb5 31. Rd5 Re8 32. g3 e3 33. Rdxf5 Rxf5 34. Rxf5 e2 35. Bd2 e1=Q+ 36. Bxe1 Rxe1+ 37. Kg2 Re2+ 38. Kf1 Rxh2 39.
d5 Nxc5 40. Rf6 Ne4 41. Rc6+ Kb7 42. g4 b4 43. Kg1 Rh4 44. Rc4 Rxg4+ 45. Kh2 Nf6 46. Rc5 Rg5 47. Rb5+ Kc7 48. Rxb4 Nxd5 49. Re4 Kd6 50. Kh3 Rg8 51. Rg4 Ra8 52. Re4 Nf6 53. Re2 Nd7 54. Kg4 Ne5+ 55. Kf4 Ra4+ 56. Re4 Ra5 57.
Rd4+ Ke6 58. Re4 Kf6 59. Rd4 Ng6+ 60. Kg4 Rg5+ 61. Kf3 Ne5+ 62. Ke4 Ke6 63. Kf4 Rh5 64. Re4 Kd6 65. Re2 Rh4+ 66. Kf5 Rh5+ 67. Kf4 Ke6 68. Re4 Rh4+ 69. Ke3 Rh3+ 70. Kf2 Kf5 71. Rd4 Ng4+ 72. Kg2 Ra3 73. Rb4 Kg5 74. Rb8 Ne5 75. Rf8 Ng6 76. Rf7 Nf4+ 77. Kf2 Kg4 78. Rg7+ Kf5 79. Rf7+ Ke5 80.
Re7+ Kd4 81. Re8 Rd3 82. Rd8+ Nd5 83. Re8 Nf6 84. Re6 Ne4+ 85. Kg2 Rd2+ 86. Kf1 Ke3 87. Ra6 Rf2+ 88. Kg1 Rb2 89. Ra3+ Kf4 90. Rd3 1-0

[Event "Early-Titled-Tuesday-Blitz-May-28-2024"]
[Site "Chess.com"]
[Date "2024.05.28"]
[Round "10"]
[White "monomita"]
[Black "jcibarra"]
[Result "1/2-1/2"]
[WhiteElo "2746"]
[BlackElo "2901"]
[TimeControl "180+1"]
[EndTime "10:00:27 PDT"]
[Termination "Game drawn - insufficient material"]

1. Nf3 d6 2. d4 Nf6 3. e3 g6 4. b3 Bg7 5. Bb2 O-O 6. Be2 b6 7.
O-O Bb7 8. c4 Nbd7 9. Nc3 e5 10.
Qc2 Re8 11. Rfd1 exd4 12. Nxd4 a5 13. Rac1 Nc5 14. h3 Nfe4 15. Ndb5 Rc8 16. Nd5 c6 17. Bxg7 Kxg7 18. Qb2+ f6 19. f3 Ng3 20. Nxb6 Qxb6 21. Nxd6 Rxe3 22. Nxc8 Bxc8 23. Bf1 Nxf1 24. Kxf1 Nd3 25.
c5 Nxb2 26. cxb6 Nxd1 27. Rxd1 Re5 28. b7 Bxb7 29. Rd7+ Kh6 30. Rxb7 Rc5 31. a4 g5 32.
g4 Kg6 33. Ke2 h5 34. Kd3 f5 35. gxf5+ Rxf5 36. Ke3 Rc5 37. b4 Rc4 38. b5 cxb5 39. axb5 Rb4 40. b6 a4 41. Rb8 Rb3+ 42. Ke4 Rb4+ 43.
Ke3 Kg7 44. b7 h4 45. Ra8 Rxb7 46. Rxa4 Rb2 47. Rg4 Kh6 48. f4 gxf4+ 49. Kxf4 Kh5 50. Rg5+ Kh6 51. Ra5 Rg2 52. Ra8 Kh7 53. Ra5 Kg6 54. Ra6+ Kh5 55. Ra8 Rf2+ 56. Ke3 Rf7 57. Rh8+ Kg5 58.
Rg8+ Kf5 59. Rg4 Re7+ 60. Kf3 Rh7 61. Ra4 Rb7 62. Rxh4 Rb3+ 63. Kg2 Kg5 64. Rc4 Kh5 65. Rf4 Rd3 66. Ra4 Rc3 67. Rf4 Rb3 68. Rf3 Rb2+ 69. Kg3 Rb1 70. Rf5+ Kg6 71. Rf2 Kg5 72. Rg2 Rb3+ 73. Kh2+ Kf4 74. Rg4+ Kf5 75. Rg1 Rb2+ 76.
Kh1 Kf4 77. h4 Rb3 78. Kh2 Rb2+ 79. Kh3 Rb3+ 80. Kh2 Rc3 81. Rg7 Rc5 82. Kh3 Rc3+ 83. Kg2 Rc2+ 84. Kf1 Kf3 85. Rf7+ Kg4 86. Re7 Kxh4 87.
Re2 Rc3 88. Ke1 Kg3 89. Kd2 Ra3 90. Re3+ Rxe3 91. Kxe3 1/2-1/2

[Event "Early-Titled-Tuesday-Blitz-May-28-2024"]
[Site "Chess.com"]
[Date "2024.05.28"]
[Round "10"]
[White "Azeryahu"]
[Black "MrLion3000"]
[Result "1/2-1/2"]
[WhiteElo "2925"]
[BlackElo "2795"]
[TimeControl "180+1"]
[EndTime "10:00:58 PDT"]
[Termination "Game drawn by 50-move rule"]

1. e4 c5 2. Nf3 d6 3. h3 Nf6 4. Nc3 Nc6 5. d4 cxd4 6. Nxd4 e6 7. Be3 Be7 8. Qd2 a6 9. O-O-O Qc7 10. g4 b5 11. a3 Bb7 12. g5 Nd7 13. Ndxb5 axb5 14. Nxb5 Qa5 15. Nxd6+ Bxd6 16. Qxd6 Rd8 17. f4 Nde5 18. Qc5 Qxc5 19. Bxc5 Rxd1+ 20. Kxd1 Ng6 21. Be3 Nce7 22. Bd3 f5 23. gxf6 gxf6 24. Rg1 f5 25. exf5 Nxf5 26. Bd2 Kf7 27. a4 Rd8 28. a5 Rd6 29. b4 Ngh4 30. b5 Nf3 31. Rf1 N5d4 32. Bb4 Rd7 33. a6 Bc8 34. Kc1 Nh4 35. b6 Nc6 36. Bc5 Rxd3 37. cxd3 Bxa6 38. Kd2 Nf5 39. Ra1 Bb7 40. Bf2 h5 41. Ra4 h4 42. Rc4 Ke7 43.
Rc5 Kd7 44. Rc1 Kd6 45. Rg1 Nce7 46. Rg4 Kc6 47. Bxh4 Nd5 48. Bf2 Nxb6 49. Bxb6 Kxb6 50. h4 Bf3 51. Rg6 Nxh4 52. Rxe6+ Kc5 53. Ke3 Bd5 54. Rf6 Ng2+ 55. Kf2 Kd4 56. Rf5 Ne3 57. Rg5 Kxd3 58. f5 Nxf5 59. Rxf5 Be4 60. Rf4 Kd4 61. Ke2 Ke5 62.
Ke3 Bf5 63. Rh4 Kf6 64. Kf4 Bg6 65. Rh6 Kg7 66. Kg5 Bf7 67. Rb6 Kh8 68. Rb7 Bg8 69.
Kh6 Bd5 70. Rh7+ Kg8 71. Rd7 Be6 72. Rd6 Kf7 73. Kg5 Ke7 74. Ra6 Bc4 75. Rb6 Kd7 76. Kf4 Ke7 77. Ke5 Kf7 78. Rb7+ Kg6 79. Rb8 Kg5 80.
Rb4 Ba2 81. Rb2 Bc4 82. Rg2+ Kh6 83. Kf6 Kh7 84. Rh2+ Kg8 85. Rc2 Bb3 86. Rc3 Ba2 87. Kg6 Kf8 88. Kf6 Kg8 89. Ra3 Bc4 90. Ra5 Kh8 91. Rh5+ Kg8 92. Rh4 Bb3 93. Rg4+ Kh8 94. Kg6 Bc2+ 95. Kh6 Bb3 96. Rb4 Bg8 97. Rb7 Bd5 98.
Rc7 Bg8 99. Kg6 Bb3 100. Rh7+ Kg8 101. Rc7 Kh8 102. Rc8+ Bg8 103. Kf6 Kh7 104. Rc7+ Kh8 105. Rc1 Bb3 106. Rh1+ Kg8 107. Rh4 Ba2 108. Rb4 Kh8 109. Kg6 1/2-1/2

[Event "Early-Titled-Tuesday-Blitz-May-28-2024"]
[Site "Chess.com"]
[Date "2024.05.28"]
[Round "10"]
[White "alreadybroken23"]
[Black "BashiqChess"]
[Result "0-1"]
[WhiteElo "2597"]
[BlackElo "2456"]
[TimeControl "180+1"]
[EndTime "10:01:06 PDT"]
[Termination "BashiqChess won on time"]

1. Nf3 Nf6 2. g3 d5 3. Bg2 e6 4. O-O Be7 5. c4 dxc4 6. Qa4+ Nbd7 7. Qxc4 a6 8. Qc2 c5 9. b3 Ra7 10. Bb2 b5 11. Nc3 Bb7 12. d3 O-O 13. Ne4 Qa8 14. Nxf6+ Nxf6 15. Rac1 Rc8 16. Qb1 Nd5 17. a3 Bf6 18. e4 Bxb2 19. Qxb2 Ne7 20. Rc3 c4 21. bxc4 bxc4 22. Ne5 cxd3 23. Rxc8+ Bxc8 24. Nxd3 Rc7 25. Rc1 Rxc1+ 26. Qxc1 Bb7 27. Nc5 Bc6 28. Qd2 h6 29.
Qd6 Ng6 30. h4 Nf8 31. f3 Qc8 32. Kh2 Nd7 33. Nd3 Nf6 34. Ne5 Bb5 35. Qe7 Qf8 36. Qc7 Qe8 37. g4 Nd7 38. g5 hxg5 39. hxg5 Nxe5 40.
Qxe5 g6 41. Bh3 Qd7 42. Kg3 Qd8 43. Bg2 Qd1 44. Qb8+ Kg7 45. Qe5+ Kg8 46. Kh2 Qe1 47. Qf4 Qa1 48. Qd6 Qh8+ 49. Kg3 Qh5 50. f4 Qe2 51. Qd4 Qe1+ 52. Kh3 Bf1 53. Qd8+ Kg7 54.
Qd4+ Kg8 55. Bxf1 Qxf1+ 56. Kg3 Qe1+ 57. Kf3 Qf1+ 58. Qf2 Qc1 59. Qe3 Qc4 60. Kg3 Qf1 61.
Qd4 Qb5 62. Qd8+ Kg7 63. Qf6+ Kg8 64. Qc3 Kf8 65. Qc8+ Ke7 66. Qc7+ Ke8 67. Qc8+ Ke7 68. Qc3 Qb7 69. Kf3 Qb5 70. Ke3 Qb6+ 71. Qd4 Qxd4+ 72.
Kxd4 Kd6 73. Kc4 Kc6 74. a4 a5 75. Kd4 Kd6 76. Kc4 Kc6 77. Kd3 Kc5 78. Kc3 Kb6 79.
Kd4 Kc6 80. Kc4 Kb6 81. Kd4 Kc6 82. Ke5 Kd7 83. Kf6 Ke8 84. Kg7 Ke7 85. Kg8 Ke8 86. Kg7 Ke7 87. Kh7 Kf8 88. Kh8 f6 89. gxf6 e5 90. fxe5 Kf7 91. Kh7 g5 92. Kh6 g4 93.
Kg5 g3 94. Kf5 g2 95. e6+ Kg8 96. f7+ Kg7 97. f8=Q+ Kxf8 98. e7+ Ke8 99. Ke5 g1=Q 100. Kd6 Qb1 101. Kd5 Qb4 102. e5 Qxa4 103. Ke6 Qb3+ 104. Kf5 a4 105. Kf6 Qb6+ 106. e6 Qc6 107. Kf5 Kxe7 108. Kf4 Qxe6 0-1

[Event "Early-Titled-Tuesday-Blitz-May-28-2024"]
[Site "Chess.com"]
[Date "2024.05.28"]
[Round "10"]
[White "Sl4werThanYou"]
[Black "Anton_Demchenko"]
[Result "0-1"]
[WhiteElo "2735"]
[BlackElo "2931"]
[TimeControl "180+1"]
[EndTime "10:01:32 PDT"]
[Termination "Anton_Demchenko won by checkmate"]

1. d4 Nf6 2. c4 d6 3. Nc3 e5 4.
e3 Nbd7 5. Nge2 g6 6. g3 Bg7 7. Bg2 O-O 8. O-O Re8 9. b4 e4 10. Qc2 Qe7 11. a4 Nf8 12. a5 a6 13. b5 h5 14. bxa6 bxa6 15. Ba3 N8h7 16. Nf4 Ng5 17.
c5 dxc5 18. Bxc5 Qd7 19. Kh1 Qd8 20. Rab1 Bf5 21. Rb7 h4 22. Rfb1 hxg3 23. fxg3 Nf3 24. Qe2 Qc8 25. Ncd5 Nxd5 26. Nxd5 Bg4 27. Qf2 Qf5 28. Ne7+ Rxe7 29. Bxe7 Qh5 30. Bf1 Qxa5 31.
Bc5 Be6 32. Qb2 c6 33. Ra1 Qd8 34. Qf2 a5 35. Ra7 Rxa7 36. Bxa7 Bd5 37. Bc5 Bf6 38. Qb2 Kg7 39. Bb6 Qd7 40. Bxa5 Bg5 41. Qf2 Qf5 42. Bc7 Bf6 43. Rc1 Qc8 44. Bb6 Qb7 45. Rb1 Qa8 46.
Qb2 Qa4 47. Ra1 Qb3 48. Qxb3 Bxb3 49. Bc5 Bd5 50. Be2 Bg5 51. Ra3 Nd2 52. Kg2 Nf3 53. Bxf3 exf3+ 54. Kf2 Be4 55. Ra7 Kg8 56. h4 Bh6 57.
Bd6 f5 58. Be5 Bf8 59. Rd7 Bb4 60. Rb7 Bf8 61. Rc7 Bd5 62. Rd7 Be4 63. Bd6 Bg7 64. Bf4 Bf8 65. Bg5 Bd5 66. Bf6 Be4 67. Rc7 Bd5 68.
Ra7 Be4 69. Bg5 Bd5 70. Bf4 Be4 71. Ra8 Kf7 72. Ra7+ Kg8 73. Be5 Bd5 74. Rd7 Be4 75. Rd8 Kf7 76. Bd6 Bg7 77. Rd7+ Kg8 78. Re7 Bd5 79.
Be5 Bf8 80. Rc7 Be4 81. Ra7 Bd5 82. Ra1 Be4 83. Rg1 Kf7 84. g4 c5 85. gxf5 gxf5 86.
h5 c4 87. Rc1 Bd5 88. Kg3 Ba3 89. Ra1 Bb2 90. Ra7+ Ke6 91. h6 f4+ 92. Kxf4 f2 93. h7 f1=Q+ 94. Kg3 Qf3+ 95. Kh4 Qg2 96. Rg7 Qh1+ 97. Kg5 Bc1 98. Bf4 Qg2+ 99. Kh6 Qh3+ 100. Kg5 Qf5+ 101. Kh6 Qh3+ 102. Kg5 Bxe3 103. h8=Q Qxh8 104. Rg6+ Kd7 105. Bxe3 Qd8+ 106. Kh6 Qh8+ 107. Kg5 Kc7 108. Bf4+ Kb7 109. Be5 Qe8 110. Rd6 Qb5 111. Kf6 c3 112. Rd8 Qc6+ 113. Ke7 c2 114. Rb8+ Ka7 115. Bf4 c1=Q 116. Bxc1 Kxb8 117.
Bf4+ Kb7 118. Be5 Be6 119. Kf6 Qd7 120. Kg5 Qd5 121. Kf4 Kc6 122. Ke3 Bd7 123. Kd2 Kb5 124. Kc3 Qc4+ 125. Kd2 Kc6 126. Ke3 Kd5 127. Kf4 Bc6 128. Kg5 Ba4 129. Kf6 Bb3 130. Ke7 Bc2 131. Kf6 Qd3 132. Ke7 Qf5 133. Kd8 Qe6 134. Kc7 Ba4 135. Bg3 Qc6+ 136. Kd8 Qd7# 0-1

[Event "Early-Titled-Tuesday-Blitz-May-28-2024"]
[Site "Chess.com"]
[Date "2024.05.28"]
[Round "11"]
[White "Mesa_1"]
[Black "JanMur7"]
[Result "1-0"]
[WhiteElo "2563"]
[BlackElo "2282"]
[TimeControl "180+1"]
[EndTime "10:02:53 PDT"]
[Termination "Mesa_1 won by resignation"]

1. e4 g6 2. d4 Bg7 3. Nc3 c5 4. Nf3 cxd4 5. Nxd4 Nc6 6. Be3 d6 7. Bc4 Nf6 8. Bb3 Ng4 9. Nxc6 bxc6 10. Bd2 Qb6 11. Qe2 Ba6 12. Qxg4 1-0

[Event "Early-Titled-Tuesday-Blitz-May-28-2024"]
[Site "Chess.com"]
[Date "2024.05.28"]
[Round "11"]
[White "LileKoridze"]
[Black "MiguelBestard1981"]
[Result "1-0"]
[WhiteElo "2433"]
[BlackElo "2274"]
[TimeControl "180+1"]
[EndTime "10:03:21 PDT"]
[Termination "LileKoridze won by checkmate"]

1. d4 d5 2. c4 Bf5 3. Nc3 e6 4. e3 c6 5. Nf3 Nd7 6. Bd3 Bxd3 7. Qxd3 f5 8. O-O Bd6 9. h3 Ngf6 10. b3 Ne4 11.
Bb2 Ndf6 12. Ne5 Nxc3 13. Bxc3 Bxe5 14. dxe5 Ne4 15. Bb2 O-O 16. Rad1 Qh4 17. f3 Ng3 18. Rfe1 g5 19. cxd5 exd5 20. Qc3 Rae8 21. e6 Re7 22.
Qh8# 1-0

[Event "Early-Titled-Tuesday-Blitz-May-28-2024"]
[Site "Chess.com"]
[Date "2024.05.28"]
[Round "11"]
[White "Semetey"]
[Black "korbul"]
[Result "1-0"]
[WhiteElo "2559"]
[BlackElo "2649"]
[TimeControl "180+1"]
[EndTime "10:04:29 PDT"]
[Termination "Semetey won by resignation"]

1. Nc3 d5 2. e4 d4 3. Nce2 g6 4. Nf3 c5 5. Ng3 Bg7 6. Bc4 Nf6 7. d3 O-O 8. O-O Nc6 9. a4 a6 10. h3 e5 11. Nh2 Rb8 12. f4 b5 13. axb5 axb5 14.
Ba2 Ne8 15. Nf3 Nd6 16. fxe5 Nxe5 17. Bf4 Qe7 18. Qd2 Kh8 19. Bg5 f6 20. Nxe5 Qxe5 21.
Bf4 Qe7 22. Bd5 Nf7 23. Bxb8 1-0

[Event "Early-Titled-Tuesday-Blitz-May-28-2024"]
[Site "Chess.com"]
[Date "2024.05.28"]
[Round "11"]
[White "Eliwood44"]
[Black "mostafa_sakha"]
[Result "0-1"]
[WhiteElo "2453"]
[BlackElo "2333"]
[TimeControl "180+1"]
[EndTime "10:04:30 PDT"]
[Termination "mostafa_sakha won by resignation"]

1. d4 Nf6 2. c4 e6 3. Nc3 Bb4 4. f3 O-O 5. a3 Bxc3+ 6. bxc3 Ne8 7. Nh3 b6 8. e4 Ba6 9. Bd3 Nc6 10. O-O Na5 11. Qa4 Nd6 12. e5 Bxc4 13. Bb1 Bxf1 14.
exd6 Bc4 15. Bf4 cxd6 16. Bxd6 Re8 17. Qc2 f5 18. Qf2 Rc8 19. Bc2 Bb3 20. Bxb3 Nxb3 21.
Qb2 Nxa1 0-1

[Event "Early-Titled-Tuesday-Blitz-May-28-2024"]
[Site "Chess.com"]
[Date "2024.05.28"]
[Round "11"]
[White "Fore_Man"]
[Black "jamesaltucher"]
[Result "0-1"]
[WhiteElo "2205"]
[BlackElo "2064"]
[TimeControl "180+1"]
[EndTime "10:04:30 PDT"]
[Termination "jamesaltucher won by resignation"]

1. Nf3 Nf6 2. c4 c5 3. b3 Nc6 4. Bb2 g6 5. e3 Bg7 6. d4 cxd4 7.
exd4 d5 8. Be2 O-O 9. O-O Bf5 10. Nc3 e6 11. Nh4 dxc4 12. Nxf5 exf5 13. Bxc4 Qxd4 14.
Qf3 Ne5 15. Qxb7 Nxc4 16. Rfd1 Qb6 0-1

[Event "Early-Titled-Tuesday-Blitz-May-28-2024"]
[Site "Chess.com"]
[Date "2024.05.28"]
[Round "11"]
[White "Jeppesen08"]
[Black "Ginger_GM"]
[Result "0-1"]
[WhiteElo "2494"]
[BlackElo "2743"]
[TimeControl "180+1"]
[EndTime "10:04:37 PDT"]
[Termination "Ginger_GM won by resignation"]

1. Nf3 f5 2. g3 Nf6 3. Bg2 d6 4. O-O e5 5. d3 Be7 6. c4 O-O 7. b4 Qe8 8. Bb2 Qh5 9. e3 Nc6 10. b5 Nd8 11. a4 Nf7 12. a5 Rb8 13. Nc3 f4 14. exf4 Bg4 15. h3 Bxh3 16. Ng5 Bg4 17. Bf3 Nxg5 18. fxg5 Bxf3 0-1

[Event "Early-Titled-Tuesday-Blitz-May-28-2024"]
[Site "Chess.com"]
[Date "2024.05.28"]
[Round "11"]
[White "ClauAmura"]
[Black "Lion-Al-Messi"]
[Result "0-1"]
[WhiteElo "2406"]
[BlackElo "2619"]
[TimeControl "180+1"]
[EndTime "10:04:40 PDT"]
[Termination "Lion-Al-Messi won by resignation"]

1. d4 Nf6 2. c4 b6 3. Nc3 Bb7 4.
f3 d5 5. cxd5 Nxd5 6. e4 Nxc3 7.
bxc3 e5 8. Bb5+ c6 9. Bd3 exd4 10.
Bb2 Bc5 11. Ne2 dxc3 12. Bxc3 O-O 13. Bc4 Qxd1+ 14. Rxd1 b5 15. Bb3 a5 16. a4 b4 17. Bd4 Na6 18. Bc4 Bxd4 19. Nxd4 Nc5 20. Nf5 Nxa4 21. Rd7 Ba6 22. Ba2 Nc3 23. Ne7+ Kh8 24.
Bb3 a4 0-1

[Event "Early-Titled-Tuesday-Blitz-May-28-2024"]
[Site "Chess.com"]
[Date "2024.05.28"]
[Round "11"]
[White "Nasrin_Babayeva"]
[Black "JAN2404"]
[Result "1-0"]
[WhiteElo "2013"]
[BlackElo "1959"]
[TimeControl "180+1"]
[EndTime "10:04:53 PDT"]
[Termination "Nasrin_Babayeva won by resignation"]

1. c4 Nf6 2. g3 g6 3. Bg2 Bg7 4. Nc3 O-O 5. e4 d6 6. Nge2 e5 7. d3 Be6 8. O-O Ne8 9. h3 f5 10. exf5 Bc8 11. fxg6 hxg6 12. d4 Nd7 13. d5 a5 14. Qc2 Qf6 15. Ne4 Qf5 16. g4 Qf7 17. Ng5 Qe7 18. Ne6 Rf7 19. Bg5 Ndf6 20. Qxg6 Bxe6 21.
dxe6 Qxe6 22. Bxb7 Rb8 23. Bd5 Nxd5 24. Qxe6 1-0

[Event "Early-Titled-Tuesday-Blitz-May-28-2024"]
[Site "Chess.com"]
[Date "2024.05.28"]
[Round "11"]
[White "BardArtem"]
[Black "Djager97"]
[Result "1-0"]
[WhiteElo "2797"]
[BlackElo "2567"]
[TimeControl "180+1"]
[EndTime "10:04:56 PDT"]
[Termination "BardArtem won by resignation"]

1. Nf3 d5 2. b3 Nf6 3. Bb2 g6 4. e3 Bg7 5. c4 O-O 6. cxd5 Nxd5 7. Bxg7 Kxg7 8. Qc1 b6 9. Nc3 Bb7 10. Be2 c5 11.
O-O Nc6 12. Rd1 e5 13. d4 cxd4 14. exd4 Nxc3 15. Qxc3 exd4 16. Nxd4 Nxd4 17. Rxd4 Qf6 18. Rad1 Rfd8 19. f3 Rac8 20. Qd2 Rd5 21. Rxd5 1-0

[Event "Early-Titled-Tuesday-Blitz-May-28-2024"]
[Site "Chess.com"]
[Date "2024.05.28"]
[Round "11"]
[White "Keithonsky"]
[Black "Chessbard1972"]
[Result "1-0"]
[WhiteElo "2621"]
[BlackElo "2408"]
[TimeControl "180+1"]
[EndTime "10:05:08 PDT"]
[Termination "Keithonsky won by resignation"]

1. e4 c5 2. Nc3 a6 3. Nge2 e6 4. g3 b5 5. Bg2 Bb7 6. O-O Nf6 7. d4 cxd4 8. Nxd4 Qc7 9. Re1 d6 10. a4 b4 11. Nd5 Qd8 12. Nxf6+ gxf6 13. c3 bxc3 14.
Qb3 Qd7 15. Bh3 Nc6 16. bxc3 Be7 17. Rb1 Rb8 18. Bh6 Rg8 19. Nxe6 Rg6 20. Ng7+ Kf8 21. Bxd7 Rxg7 22. Bxc6 1-0

[Event "Early-Titled-Tuesday-Blitz-May-28-2024"]
[Site "Chess.com"]
[Date "2024.05.28"]
[Round "11"]
[White "WolfBaoBaoLang"]
[Black "Smiechu"]
[Result "0-1"]
[WhiteElo "2112"]
[BlackElo "2446"]
[TimeControl "180+1"]
[EndTime "10:05:13 PDT"]
[Termination "Smiechu won by resignation"]

1. e4 c5 2. Nf3 g6 3. c3 Bg7 4.
d4 cxd4 5. cxd4 d5 6. e5 Nh6 7. Nc3 O-O 8. Be2 Nc6 9. O-O Bg4 10. h3 Bxf3 11. Bxf3 e6 12. Bxh6 Bxh6 13. Be2 Qb6 14. Nb5 a6 15. Nd6 Qxd4 16. Nxb7 Ra7 17. Qc2 Qb6 18.
Nc5 Nd4 0-1

[Event "Early-Titled-Tuesday-Blitz-May-28-2024"]
[Site "Chess.com"]
[Date "2024.05.28"]
[Round "11"]
[White "Kostya0705"]
[Black "David_George21"]
[Result "0-1"]
[WhiteElo "2570"]
[BlackElo "2433"]
[TimeControl "180+1"]
[EndTime "10:05:22 PDT"]
[Termination "David_George21 won by resignation"]

1. e4 c5 2. Nf3 d6 3. d4 cxd4 4. Nxd4 Nf6 5. Nc3 Nc6 6. Bg5 e6 7. Qd2 a6 8. O-O-O h6 9. Bxf6 Qxf6 10. Nxc6 bxc6 11. f4 d5 12. e5 Qd8 13. Kb1 Rb8 14. b3 Bb4 15. Qd3 c5 16. g4 c4 17. Qg3 Qa5 18. Ne2 cxb3 19. axb3 Bd7 20. f5 Bb5 21. fxe6 Bxe2 22. exf7+ Kf8 23. e6 Rd8 24. Bxe2 Bc3 25. e7+ Kxe7 26. Qe3+ Kf8 0-1

[Event "Early-Titled-Tuesday-Blitz-May-28-2024"]
[Site "Chess.com"]
[Date "2024.05.28"]
[Round "11"]
[White "AldokhinIvan"]
[Black "Giantgoogachess"]
[Result "1-0"]
[WhiteElo "2626"]
[BlackElo "2397"]
[TimeControl "180+1"]
[EndTime "10:05:23 PDT"]
[Termination "AldokhinIvan won by checkmate"]

1. e4 c5 2. Nf3 e6 3. d4 cxd4 4. Nxd4 a6 5. Nc3 b5 6. Bd3 Bb7 7. Bd2 Nf6 8. Qe2 Qc7 9. a4 b4 10. Na2 d5 11. exd5 Nxd5 12. O-O Bd6 13. g3 O-O 14. c4 bxc3 15. Nxc3 Nd7 16. Nxe6 fxe6 17. Qxe6+ Kh8 18. Nxd5 Qc6 19. Qe4 g6 20. Bc3+ Kg8 21.
Bc4 Nc5 22. Ne7# 1-0

[Event "Early-Titled-Tuesday-Blitz-May-28-2024"]
[Site "Chess.com"]
[Date "2024.05.28"]
[Round "11"]
[White "MikeSailer"]
[Black "VacheH009"]
[Result "0-1"]
[WhiteElo "2114"]
[BlackElo "2551"]
[TimeControl "180+1"]
[EndTime "10:05:23 PDT"]
[Termination "VacheH009 won by resignation"]

1. d4 Nf6 2. g3 g6 3. Bg2 Bg7 4. Nf3 O-O 5. O-O d6 6. c4 Nc6 7. Nc3 a6 8. Re1 Rb8 9. a4 a5 10. Nb5 Nb4 11. e4 c6 12. Nc3 Bg4 13. h3 Bxf3 14. Bxf3 e5 15. dxe5 dxe5 16. Be3 Qc7 17. Qe2 Rfd8 18. Bc5 Nd7 19. Be3 Nf8 20. Rad1 Ne6 21.
Bg4 Nd4 22. Bxd4 exd4 23. Nb1 d3 24. Qd2 Bd4 25. Nc3 Qxg3+ 0-1